 Dungeon Crawl Stone Soup version 0.21-a0-338-g36cf2fc (webtiles) character file.

104 Amnesiac the Digger (level 4, -8/32 HPs)
             Began as a Gnoll Earth Elementalist on Oct 3, 2017.
             Killed from afar by Ijyb (20 damage)
             ... with a wand of acid (?/15)
             ... on level 3 of the Dungeon.
             The game lasted 00:03:54 (1688 turns).

Amnesiac the Digger (Gnoll Earth Elementalist)      Turns: 1688, Time: 00:03:55

Health: -8/32      AC:  0    Str: 10    XL:     4   Next: 80%
Magic:  6/11       EV: 15    Int: 18    God:
Gold:   137        SH:  0    Dex: 16    Spells: 6/13 levels left

rFire    . . .     SeeInvis .   k - +0 dagger
rCold    . . .     Gourm    .   (no shield)
rNeg     . . .     Faith    .   c - +0 robe
rPois    .         Spirit   .   j - +0 helmet
rElec    .         Reflect  .   (no cloak)
rCorr    .         Harm     .   r - +0 pair of gloves
MR       .....                  (no boots)
Stlth    +++.......             (no amulet)
HPRegen  0.10/turn              (no ring)
MPRegen  0.12/turn              (no ring)

@: corroded
A: distributed training, fangs 1, strong nose
a: no special abilities


You were on level 3 of the Dungeon.
You were hungry.

You visited 1 branch of the dungeon, and saw 3 of its levels.

You collected 137 gold pieces.

Inventory:

Hand Weapons
 k - a +0 dagger (weapon)
 l - a +1 spear of freezing
 m - a +6 whip of electrocution
Missiles
 b - 68 stones (quivered)
Armour
 c - a +0 robe (worn)
 j - a +0 helmet (worn)
 r - a +0 pair of gloves (worn)
Jewellery
 p - a +5 ring of dexterity {unknown}
 v - an uncursed ring of protection from cold {unknown}
Scrolls
 a - a scroll of identify {!r, unknown}
 f - a scroll of amnesia {!r, unknown}
 g - a scroll of random uselessness {!r, unknown}
 h - 2 scrolls of remove curse {!r, unknown}
 o - a scroll of fear {!r, unknown}
Potions
 i - 4 potions of curing {!q, unknown}
 n - a potion of ambrosia {!q, unknown}
 q - a potion of agility {!q, unknown}
 t - 2 potions of flight {!q, unknown}
Books
 e - a book of Geomancy

   Spells                             Type                      Level
   a - Sandblast                      Earth                        1
   b - Passwall                       Transmutation/Earth          2
   c - Stone Arrow                    Conjuration/Earth            3
   d - Petrify                        Transmutation/Earth          4
   e - Lee's Rapid Deconstruction     Earth                        5
Comestibles
 d - 2 bread rations
 s - a meat ration
 u - 2 chunks of flesh


   Skills:
 + Level 1.2 Fighting
 + Level 1.2 Short Blades
 + Level 1.2 Long Blades
 + Level 1.2 Axes
 + Level 1.2 Maces & Flails
 + Level 1.2 Polearms
 + Level 1.2 Staves
 + Level 1.2 Slings
 + Level 1.2 Bows
 + Level 1.2 Crossbows
 + Level 1.2 Throwing
 + Level 1.2 Armour
 + Level 4.7 Dodging
 + Level 4.3 Stealth
   Level 0.0 Stabbing
 + Level 1.2 Shields
   Level 0.0 Traps
 + Level 1.2 Unarmed Combat
 + Level 5.1 Spellcasting
 + Level 1.2 Conjurations
 + Level 1.2 Hexes
 + Level 1.2 Charms
 + Level 1.2 Summonings
 + Level 1.2 Necromancy
 + Level 1.2 Translocations
 + Level 2.8 Transmutations
 + Level 1.2 Fire Magic
 + Level 1.2 Ice Magic
 + Level 1.2 Air Magic
 + Level 6.6 Earth Magic
 + Level 1.2 Poison Magic
 + Level 1.2 Invocations
 + Level 1.2 Evocations


You had 6 spell levels left.
You knew the following spells:

 Your Spells              Type           Power        Failure   Level  Hunger
a - Sandblast             Erth           ####..       1%          1    None
b - Passwall              Tmut/Erth      ###.......   2%          2    #......
e - Petrify               Tmut/Erth      ###.....     19%         4    ####...


Dungeon Overview and Level Annotations

Branches:
Dungeon (3/15)

Altars:
Cheibriados
Vehumet

Annotations:
D:3 Ijyb


Innate Abilities, Weirdness & Mutations

Your experience applies equally to all skills.
You have very sharp teeth.
Your uncanny sense of smell can sniff out nearby items.


Message History

You kill the goblin!
b - 72 stones A goblin comes into view. It is wielding a club.
Items here: ( )) ÷ a hunting sling; an uncursed dagger; 23 stones; a leopard gecko skeleton A goblin and Ijyb come into view.
Ijyb drinks a potion.
Ijyb flickers and vanishes!
Deactivating autopickup; reactivate with Ctrl-A.
Casting: Sandblast
Confirm with . or Enter, or press ? or * to list all spells.
Aiming: Sandblast
Press: ? - help, Shift-Dir - straight line, f - goblin
Aim: a goblin, wielding a club (hasn't noticed you)
The blast of sand hits the goblin.
You kill the goblin!
b - 71 stones The goblin shouts! x3; You hear a shout!
A goblin comes into view. It is wielding a club.
Found a meat ration.
Casting: Sandblast
Confirm with . or Enter, or press ? or * to list all spells.
Aiming: Sandblast
Press: ? - help, Shift-Dir - straight line, f - goblin
Aim: a goblin, wielding a club The blast of sand hits the goblin.
You kill the goblin!
b - 70 stones
Casting: Sandblast
Confirm with . or Enter, or press ? or * to list all spells.
Aiming: Sandblast
Press: ? - help, Shift-Dir - straight line, f - goblin
Aim: a goblin, wielding a club The blast of sand hits the goblin.
You kill the goblin!
b - 69 stones You hear a zap.
A bolt of acid appears from out of thin air!
The bolt of acid hits the goblin.
The goblin is splashed with acid.
The acid corrodes the goblin!
The goblin dies!
The bolt of acid hits you! The acid corrodes you!
You are splashed with acid!
The acid burns!
* * * LOW HITPOINT WARNING * * *
Casting: Sandblast
Confirm with . or Enter, or press ? or * to list all spells.
Aiming: Sandblast
Press: ? - help, Shift-Dir - straight line, f - goblin
Aim: a goblin, wielding a club The blast of sand hits the goblin.
You kill the goblin!
b - 68 stones You hear a zap.
A bolt of acid appears from out of thin air!
The bolt of acid misses you.
No target in view!
No target in view!
You hear a zap.
A bolt of acid appears from out of thin air!
The bolt of acid misses you.
You hear a zap.
A bolt of acid appears from out of thin air!
The bolt of acid hits you!
Ouch! That really hurt!
You die...

∆ ∆ ######### ∆
#..%....# #8.....8#
#.......# . .#
#8.....8# ##. #.#
#..@..).# .. ...
#8...{.8# ....)∆
#.....).### .#.#
#8..)..8#.# ..#
#........#.##.# ##
#........##..## #..
..........)....###.#
........##.##.#..#.#
.######...........####


There were no monsters in sight!

Vanquished Creatures
  Robin (D:2)
  2 adders (D:2)
  A worm (D:3)
  A leopard gecko (D:3)
  8 bats
  16 goblins
  10 hobgoblins
  4 jackals (D:1)
  8 kobolds
  2 quokkas (D:2)
  4 frilled lizards
  7 rats
64 creatures vanquished.

Vanquished Creatures (others)
  A goblin (D:3)
1 creature vanquished.

Grand Total: 65 creatures vanquished

Notes
Turn   | Place    | Note
-------+----------+-------------------------------------------
     0 | D:1      | Amnesiac the Gnoll Earth Elementalist began the quest for the Orb.
     0 | D:1      | Reached XP level 1. HP: 13/13 MP: 6/6
    93 | D:1      | Reached XP level 2. HP: 19/19 MP: 5/7
   114 | D:1      | Learned a level 2 spell: Passwall
   329 | D:1      | Reached XP level 3. HP: 20/25 MP: 7/9
   362 | D:1      | Reached skill level 5 in Spellcasting
   792 | D:2      | Found a snail-covered altar of Cheibriados.
   987 | D:2      | Noticed Robin
   995 | D:2      | Reached skill level 1 in Fighting
   995 | D:2      | Reached skill level 1 in Short Blades
   995 | D:2      | Reached skill level 1 in Long Blades
   995 | D:2      | Reached skill level 1 in Axes
   995 | D:2      | Reached skill level 1 in Maces & Flails
   995 | D:2      | Reached skill level 1 in Polearms
   995 | D:2      | Reached skill level 1 in Staves
   995 | D:2      | Reached skill level 1 in Slings
   995 | D:2      | Reached skill level 1 in Bows
   995 | D:2      | Reached skill level 1 in Crossbows
   995 | D:2      | Reached skill level 1 in Throwing
   995 | D:2      | Reached skill level 1 in Armour
   995 | D:2      | Reached skill level 1 in Shields
   995 | D:2      | Reached skill level 1 in Unarmed Combat
   995 | D:2      | Reached skill level 1 in Conjurations
   995 | D:2      | Reached skill level 1 in Hexes
   995 | D:2      | Reached skill level 1 in Charms
   995 | D:2      | Reached skill level 1 in Summonings
   995 | D:2      | Reached skill level 1 in Necromancy
   995 | D:2      | Reached skill level 1 in Translocations
   995 | D:2      | Reached skill level 1 in Fire Magic
   995 | D:2      | Reached skill level 1 in Ice Magic
   995 | D:2      | Reached skill level 1 in Air Magic
   995 | D:2      | Reached skill level 1 in Poison Magic
   995 | D:2      | Reached skill level 1 in Invocations
   995 | D:2      | Reached skill level 1 in Evocations
  1000 | D:2      | Killed Robin
  1000 | D:2      | Reached XP level 4. HP: 22/32 MP: 0/11
  1484 | D:3      | Learned a level 4 spell: Petrify
  1550 | D:3      | Found a radiant altar of Vehumet.
  1680 | D:3      | Noticed Ijyb
  1688 | D:3      | Killed from afar by Ijyb

Vault maps used:
D:1:      dpeg_arrival_pits, st_stairs_11
D:2:      lemuel_crystal_altar, first_bread, serial_bayou_ford_a, uniq_robin
D:3:      kennysheep_the_goblin_king, vehumet_crystals

Skill      XL: |  1  2  3 |
---------------+----------+-----
Spellcasting   | 5 |  5.1
Fighting       | 1 |  1.2
Short Blades   | 1 |  1.2
Long Blades    | 1 |  1.2
Axes           | 1 |  1.2
Maces & Flails | 1 |  1.2
Polearms       | 1 |  1.2
Staves         | 1 |  1.2
Slings         | 1 |  1.2
Bows           | 1 |  1.2
Crossbows      | 1 |  1.2
Throwing       | 1 |  1.2
Armour         | 1 |  1.2
Shields        | 1 |  1.2
Unarmed Combat | 1 |  1.2
Conjurations   | 1 |  1.2
Hexes          | 1 |  1.2
Charms         | 1 |  1.2
Summonings     | 1 |  1.2
Necromancy     | 1 |  1.2
Translocations | 1 |  1.2
Fire Magic     | 1 |  1.2
Ice Magic      | 1 |  1.2
Air Magic      | 1 |  1.2
Poison Magic   | 1 |  1.2
Invocations    | 1 |  1.2
Evocations     | 1 |  1.2
Dodging        | |  4.7
Stealth        | |  4.3
Transmutations | |  2.8
Earth Magic    | |  6.6

Action                   |  1- 3 |  4- 6 || total
-------------------------+-------+-------++-------
Melee: Unarmed           |    36 |       ||    36
       Bite              |     3 |       ||     3
       Dagger            |     9 |     8 ||    17
       Punch             |       |     1 ||     1
 Cast: Sandblast         |    36 |    20 ||    56
       Passwall          |     6 |     7 ||    13
       Petrify           |       |     1 ||     1
 Stab: Sleeping          |     7 |     6 ||    13
  Eat: Chunk             |       |     2 ||     2
Armor: Robe              |     3 |       ||     3
Dodge: Dodged            |    29 |    10 ||    39

Table legend:
 A = Spawn XP
 B = Non-spawn XP
 C = Spawn XP percentage of total XP
 D = Spawn monster count
 E = Non-spawn monster count
 F = Spawn count percentage of total count
 G = Total turns spent on level
                    A         B        C        D         E        F      G
               +---------+---------+-------+---------+---------+-------+---------
         Total |       0 |     149 |   0.0 |       0 |      64 |   0.0 |  1688
               +---------+---------+-------+---------+---------+-------+---------
           D:1 |       0 |      38 |   0.0 |       0 |      24 |   0.0 |   574
           D:2 |       0 |      92 |   0.0 |       0 |      32 |   0.0 |   894
           D:3 |       0 |      19 |   0.0 |       0 |       8 |   0.0 |   220
               +---------+---------+-------+---------+---------+-------+---------
